 Dungeon Crawl Stone Soup version 0.31-a0-446-g07c4bd200f (webtiles) character file.

Game seed: 4627246615725993400

288 MacCMillion the Ruffian (level 6, 0/51 HPs)
             Began as a Draconian Shapeshifter on Aug 3, 2023.
             Killed by nerve-wracking pain
             ... invoked by an orc priest
              (11 damage)
             ... on level 3 of the Dungeon.
             The game lasted 00:04:24 (2231 turns).

MacCMillion the Ruffian (Draconian Shapeshifter)    Turns: 2231, Time: 00:04:25

Health: 0/51       AC:  6    Str: 20    XL:     6   Next: 9%
Magic:  0/6        EV: 12    Int:  8    God:
Gold:   241        SH:  0    Dex: 11    Spells: 5/5 levels left

rFire   . .          .
                       - Unarmed
rCold   . . .        (no shield)
rNeg    . . .        (body armour unavailable)
rPois   .            (helmet currently unavailable)
rElec   .            (cloak currently unavailable)
rCorr   .            (gloves currently unavailable)
SInv    .            (boots currently unavailable)
Will    .....        m - amulet of guardian spirit
Stlth   +            (no ring)
HPRegen 0.28/turn    (no ring)
MPRegen 0.10/turn

%: guardian spirit
@: beast-form
A: beast (slay +2), AC +6, unfitting armour, cold-blooded
a: Begin Untransformation


You were on level 3 of the Dungeon.
You were a hulking beast.
You visited 1 branch of the dungeon, and saw 3 of its levels.

You collected 241 gold pieces.

Inventory:

Missiles
 i - 5 poisoned darts
Armour
 o - a +0 cloak
Jewellery
 m - an amulet of guardian spirit (around neck)
Talismans
 b - a beast talisman (active)
 k - a serpent talisman
Scrolls
 a - a scroll of silence {unknown}
 c - 4 scrolls of identify {unknown}
 e - 2 scrolls of teleportation {unknown}
 f - a scroll of revelation {unknown}
 h - 2 scrolls of amnesia {unknown}
 l - a scroll of enchant armour {unknown}
Potions
 d - a potion of mutation {unknown}
 g - a potion of heal wounds {unknown}
 j - 2 potions of berserk rage {unknown}
 n - a potion of curing {unknown}


   Skills:
 + Level 3.5 Fighting
 - Level 1.7 Dodging
 * Level 5.5 Unarmed Combat
 + Level 3.6 Shapeshifting


You had 5 spell levels left.
You didn't know any spells.
Your spell library contained the following spells:

 Spells                   Type           Power      Damage    Failure   Level
 Vhi's Electric Charge    Tloc/Air       0%         N/A       78%         3
 Arcjolt                  Conj/Air       0%         1d10      100%        5
 Maxwell's Capacitive Co  Air            0%         ∞         100%        8


Dungeon Overview and Level Annotations

Branches:
Dungeon (3/15)

Altars:

Shops:
D:1 :


Innate Abilities, Weirdness & Mutations

You are a hulking beast.
Your limbs bulge with bestial killing power. (Slay +2)
Your plain brown scales are hard. (AC +6)
You cannot fit into any form of body armour.
You are cold-blooded and may be slowed by cold attacks.


Message History

You punch the orc!
You kill the orc!
The orc priest calls down the wrath of Beogh upon you.
Beogh smites you!
Things that are here:
a +0 trident; a +0 scale mail; an orc corpse You hit the orc priest.
You tail-slap the orc priest.
The orc priest is moderately wounded.
The orc priest casts a cantrip, but nothing happens.
You hit the orc priest but do no damage.
The orc priest is moderately wounded.
The orc priest misses you.
You hit the orc priest.
The orc priest is moderately wounded.
The orc priest looks encouraged for a moment.
You hit the orc priest but do no damage.
The orc priest is moderately wounded.
The orc priest calls down the wrath of Beogh upon you.
Beogh smites you!
You are too injured to fight recklessly!
You see here a +0 club.
There is a stone staircase leading up, spattered with blood here.
You hit the orc priest but do no damage.
You tail-slap the orc priest, but do no damage.
The orc priest is moderately wounded.
The orc priest hits you but does no damage.
You barely miss the orc priest.
The orc priest is moderately wounded.
The orc priest mumbles some strange prayers to Beogh against you.
Beogh smites you!
* * * LOW HITPOINT WARNING * * *
You hit the orc priest.
The orc priest is severely wounded.
The orc priest hits you with a +0 falchion.
* * * LOW HITPOINT WARNING * * *
You hit the orc priest but do no damage.
The orc priest is severely wounded.
The orc priest mumbles some strange prayers to Beogh against you.
Pain shoots through your body!
You die...

.. #.#.# .#
.g)$##.#.# #####....
.........###.....#
#....#.#######
####............
##.....#.....####
#......)......###
#........o)......#
#........)h†.....#
#................#
#................#
#..................
##.............#...#
##.....#...........
########.........
#........


You could see an orc priest.

Vanquished Creatures
  Sigmund (D:2)
  Natasha (D:3)
  A gnoll (D:1)
  2 adders (D:2)
  A worm (D:2)
  3 dart slugs (D:2)
  3 orcs (D:3)
  7 ball pythons
  3 endoplasms
  A giant cockroach (D:1)
  5 goblins
  4 hobgoblins
  2 kobolds (D:2)
  A quokka (D:1)
  14 bats
  4 frilled lizards
  11 rats
64 creatures vanquished.

Notes
Turn   | Place    | Note
-------+----------+-------------------------------------------
     0 | D:1      | MacCMillion the Draconian Shapeshifter began the quest for
                  | the Orb.
     0 | D:1      | Reached XP level 1. HP: 16/16 MP: 1/1
   152 | D:1      | Reached XP level 2. HP: 23/23 MP: 2/2
   401 | D:1      | Reached XP level 3. HP: 5/29 MP: 3/3
   728 | D:1      | Found a faded altar of an unknown god.
   755 | D:1      | Found Olacunn's Book Shoppe.
   840 | D:1      | Reached skill level 4 in Unarmed Combat
  1185 | D:2      | Noticed Sigmund
  1506 | D:2      | Reached XP level 4. HP: 34/37 MP: 4/4
  1680 | D:2      | Killed Sigmund
  1681 | D:2      | Reached skill level 5 in Unarmed Combat
  1681 | D:2      | Reached XP level 5. HP: 45/45 MP: 5/5
  2141 | D:3      | Noticed Natasha
  2149 | D:3      | Killed Natasha
  2150 | D:3      | Reached XP level 6. HP: 43/51 MP: 2/6
  2231 | D:3      | Killed from afar by an orc priest

Illustrated notes

Levels and vault maps discovered:
D:1:      onia_arrival_mini_maze, layout_loops_ring, serial_shops,
          nicolae_shop_rolling_square, shapermc_ecumenical_altar_venn,
          minmay_gold_behind_fungi
D:2:      minmay_thinvault, layout_basic, serial_bayou_crossing, uniq_sigmund
D:3:      minmay_chambers_of_threes, layout_rooms, mainiacjoe_overflow_paths,
          uniq_natasha, uniq_terence

Skill      XL: |  1  2  3  4 |
---------------+-------------+-----
Fighting       | 2 3 |  3.5
Unarmed Combat | 4 5 |  5.5
Dodging        | |  1.7
Shapeshifting  | |  3.6

Action                     |  1- 3 |  4- 6 || total
---------------------------+-------+-------++-------
  Melee: Unarmed           |   116 |    50 ||   166
         Tailslap          |     9 |     3 ||    12
         Punch             |     3 |     1 ||     4
    Use: Potion            |       |     1 ||     1
   Stab: Sleeping          |     3 |       ||     3
 Armour: Skin              |    33 |    22 ||    55
  Dodge: Dodged            |    58 |    33 ||    91

Table legend: (Time is in decaauts)
 A = Elapsed time spent in this place.
 B = Non-inter-level travel time spent in this place.
 C = Inter-level travel time spent in this place.
 D = Time resting spent in this place.
 E = Time spent auto-exploring this place.
 F = Levels seen in this place.
 G = Mean time per level.
                   A        B        C        D        E       F      G
               +--------+--------+--------+--------+--------+-----+--------+
         Total |   2224 |   2165 |     59 |    470 |   1088 |   3 |  741.3 |
       Dungeon |   2224 |   2165 |     59 |    470 |   1088 |   3 |  741.3 |
               +--------+--------+--------+--------+--------+-----+--------+

Top non-repeatable levels by time:
     D:1: 1141 daAuts
     D:2: 995 daAuts
     D:3: 87 daAuts
